 Dungeon Crawl Stone Soup version 0.22-a0-247-gbddf880 (webtiles) character file.

120 mhoghedin the Grave Robber (level 5, -1/46 HPs)
             Began as a Ghoul Necromancer on Feb 23, 2018.
             Slain by a hound (5 damage)
             ... on level 4 of the Dungeon.
             The game lasted 00:04:06 (2859 turns).

mhoghedin the Grave Robber (Ghoul Necromancer)      Turns: 2859, Time: 00:04:07

Health: -1/46      AC:  5    Str: 13    XL:     5   Next: 4%
Magic:  3/6        EV: 11    Int: 10    God:
Gold:   133        SH:  0    Dex:  9    Spells: 2/7 levels left

rFire    . . .     SeeInvis .   f - +0 whip
rCold    + . .     Gourm    .   (no shield)
rNeg     + + +     Faith    .   c - +1 leather armour {rN+}
rPois    ∞         Spirit   .   l - +0 helmet
rElec    .         Reflect  .   (no cloak)
rCorr    .         Harm     .   (no gloves)
MR       .....                  (no boots)
Stlth    +.........             (no amulet)
HPRegen  0.00/turn              (no ring)
MPRegen  0.10/turn              (no ring)

@: rotting
A: rotting body, claws 1, carnivore, cold resistance 1, negative energy
resistance 3, inhibited regeneration, torment resistance, unbreathing
a: no special abilities


You were on level 4 of the Dungeon.
You were hungry.

You visited 1 branch of the dungeon, and saw 4 of its levels.

You collected 133 gold pieces.

Inventory:

Hand Weapons
 f - a +0 whip (weapon)
   (You took it off a kobold on level 1 of the Dungeon)
Armour
 c - a +1 leather armour of positive energy (worn)
   (You found it on level 1 of the Dungeon)
 l - a +0 helmet (worn)
   (You found it on level 1 of the Dungeon)
Jewellery
 j - a +4 ring of intelligence {unknown}
   (You found it on level 1 of the Dungeon)
Scrolls
 e - a scroll of amnesia {unknown}
 i - 3 scrolls of remove curse {unknown}
 m - 6 scrolls of identify {unknown}
 n - a scroll of fog {unknown}
 p - a scroll of random uselessness {unknown}
 q - 2 scrolls of noise {unknown}
 s - a scroll of fear {unknown}
 t - 2 scrolls of teleportation {unknown}
Potions
 a - 4 potions of lignification {unknown}
 d - a potion of ambrosia {unknown}
 g - a potion of heal wounds {unknown}
 h - 2 potions of resistance {unknown}
 k - 2 potions of brilliance {unknown}
 o - a potion of curing {unknown}
 r - a potion of mutation {unknown}
Comestibles
 b - 3 rations


   Skills:
 + Level 3.9 Fighting
 + Level 2.2 Maces & Flails
 - Level 1.7 Dodging
 - Level 2.1 Stealth
 - Level 1.7 Spellcasting
 - Level 4.0 Necromancy


You had 2 spell levels left.
You knew the following spells:

 Your Spells              Type           Power        Failure   Level  Hunger
a - Pain                  Necr           #...         8%          1    ##.....
x - Vampiric Draining     Necr           #.........   24%         3    ####...
A - Animate Skeleton      Necr           N/A          8%          1    ##.....


Dungeon Overview and Level Annotations

Branches:
Dungeon (4/15)
 Temple: D:4-7

Altars:
Ru
Xom


Innate Abilities, Weirdness & Mutations

Your body is rotting away.
You thrive on raw meat.
You are immune to poison.
You have sharp fingernails.
You are carnivorous and can eat meat at any time.
Your flesh is cold resistant. (rC+)
You are immune to negative energy. (rN+++)
You do not regenerate when monsters are visible.
You are immune to unholy pain and torment.
You can survive without breathing.


Message History

The frilled lizard hisses angrily.
You barely miss the frilled lizard. The frilled lizard bites you.
You take 2 damage, and have 44/46 hp.
You barely miss the frilled lizard. The frilled lizard barely misses you.
You closely miss the frilled lizard.
The frilled lizard bites you but does no damage.
You hit the frilled lizard.
You kill the frilled lizard!
No target in view!
No target in view!
No target in view!
No target in view!
No target in view!
No target in view!
There is a stone staircase leading up here.
Done exploring.
Health restored: 46 Done exploring.
No target in view!
No target in view!
No target in view!
(D) Dungeon
Where to? (Enter - D:3, ? - help)
You are feeling hungry.
Done exploring.
Done exploring.
(D) Dungeon
Where to? (Enter - D:4, ? - help)
There is a stone staircase leading down here.
You climb downwards.
You hear the sound of rushing water.
There is an entrance to a sewer on this level.
Hurry and find it before the portal rusts away!
A frilled lizard, a hound and a worker ant come into view.
The hound barks!
The worker ant twitches its antennae in your direction.
There is a stone staircase leading up here.
There are monsters nearby!
You barely miss the worker ant. The worker ant bites you.
You take 1 damage, and have 45/46 hp.
You hit the worker ant.
The worker ant bites you but does no damage.
You barely miss the worker ant. The hound bites you but does no damage.
The worker ant bites you. The hound bites you.
An adder comes into view.
You take 9 damage, and have 36/46 hp.
You barely miss the worker ant.
The adder hisses angrily.
The worker ant closely misses you. The hound closely misses you.
The worker ant bites you.
You take 3 damage, and have 33/46 hp.
You hit the worker ant. The hound barely misses you. The worker ant bites you.
The hound closely misses you.
You take 2 damage, and have 31/46 hp.
You hit the worker ant. The worker ant barely misses you. The hound bites you.
You take 2 damage, and have 29/46 hp.
You closely miss the worker ant. The hound bites you.
The worker ant closely misses you.
You take 3 damage, and have 26/46 hp.
You are too injured to fight recklessly!
You are too injured to fight recklessly!
You are too injured to fight recklessly!
You are too injured to fight recklessly!
You are too injured to fight recklessly!
You are too injured to fight recklessly!
You are too injured to fight recklessly!
You are too injured to fight recklessly!
You are too injured to fight recklessly!
You are too injured to fight recklessly!
You are too injured to fight recklessly!
You are too injured to fight recklessly!
You are too injured to fight recklessly!
Aim: a hound You feel life coursing into your body.
The hound bites you. The worker ant bites you.
The hound bites you but does no damage.
You take 5 damage, and have 21/46 hp.
You now have 3/6 mp.
You closely miss the worker ant. The worker ant barely misses you.
The hound closely misses you. The adder bites you. The worker ant bites you.
You take 5 damage, and have 16/46 hp.
You barely miss the worker ant. The hound bites you but does no damage.
The adder barely misses you. The hound bites you but does no damage.
The worker ant barely misses you. The adder barely misses you.
You hit the worker ant but do no damage.
The hound bites you but does no damage. The worker ant bites you.
* * * LOW HITPOINT WARNING * * *
The adder barely misses you.
You take 3 damage, and have 13/46 hp.
You closely miss the worker ant. The hound bites you.
* * * LOW HITPOINT WARNING * * *
The worker ant bites you.
* * * LOW HITPOINT WARNING * * *
The adder closely misses you. The hound bites you but does no damage.
You take 6 damage, and have 7/46 hp.
You hit the worker ant. The adder bites you but does no damage.
The worker ant barely misses you. The hound barely misses you.
You hit the worker ant but do no damage.
The hound bites you.
* * * LOW HITPOINT WARNING * * *
The adder closely misses you. The worker ant barely misses you.
The hound bites you.
You die...

........ .#.
......##... .
#.#....[...
#.###.#.......#
...............
..l...........#
.?............#
#Sh......
#@##.....
#.a...###
#.....# #.....#
##....# #####


You could see a hound, a worker ant and an adder.

Vanquished Creatures
  Ijyb (D:3)
  3 adders
  2 oozes
  2 worms
  3 dart slugs
  A bat (D:2)
  4 giant cockroaches
  4 goblins
  5 hobgoblins
  8 jackals
  3 frilled lizards
  6 kobolds
  5 rats
47 creatures vanquished.

Notes
Turn   | Place    | Note
-------+----------+-------------------------------------------
     0 | D:1      | mhoghedin the Ghoul Necromancer began the quest for the Orb.
     0 | D:1      | Reached XP level 1. HP: 14/14 MP: 2/2
    48 | D:1      | Reached skill level 1 in Fighting
    61 | D:1      | Reached XP level 2. HP: 7/24 MP: 1/3
    64 | D:1      | HP: 6/24 [jackal (1)]
    68 | D:1      | Reached skill level 2 in Fighting
    71 | D:1      | HP: 3/24 [jackal (2)]
    71 | D:1      | HP: 1/24 [jackal (2)]
    93 | D:1      | Learned a level 1 spell: Animate Skeleton
   599 | D:1      | Reached XP level 3. HP: 28/29 MP: 4/4
   691 | D:2      | HP: 6/28 [adder (4)]
  1057 | D:2      | Reached skill level 3 in Fighting
  1057 | D:2      | Reached skill level 1 in Maces & Flails
  1330 | D:2      | Reached XP level 4. HP: 38/38 MP: 5/5
  1637 | D:2      | Found a shimmering altar of Xom.
  1637 | D:2      | Found a sacrificial altar of Ru.
  1807 | D:3      | Noticed Ijyb
  1894 | D:3      | Killed Ijyb
  2090 | D:3      | Reached skill level 2 in Maces & Flails
  2102 | D:3      | Found a shimmering altar of Xom.
  2310 | D:3      | Reached XP level 5. HP: 31/45 MP: 6/6
  2500 | D:3      | HP: 10/45 [worm (7)]
  2729 | D:3      | Learned a level 3 spell: Vampiric Draining
  2857 | D:4      | HP: 8/46 [hound (5)]
  2859 | D:4      | Slain by a hound

Vault maps used:
D:1:      mrwooster_arrival_statue_3
D:2:      gammafunk_temple_overflow_pools, kennysheep_another_room
D:3:      first_ration, xom_teletrap_fun, uniq_ijyb
D:4:      minmay_temple_entry_enclosed_plants, gup_sewer_entry_bubbles,
          nicolae_ru_the_path_less_chosen

Skill      XL: |  1  2  3  4 |
---------------+-------------+-----
Fighting       | 1 2 3 |  3.9
Maces & Flails | 1 2 |  2.2
Dodging        | |  1.7
Stealth        | |  2.1
Spellcasting   | |  1.7
Necromancy     | |  4.0

Action                   |  1- 3 |  4- 6 || total
-------------------------+-------+-------++-------
Melee: Unarmed           |    58 |       ||    58
       Whip              |   133 |   142 ||   275
 Cast: Pain              |    13 |    15 ||    28
       Vampiric Draining |       |     1 ||     1
 Stab: Sleeping          |     1 |     2 ||     3
  Eat: Chunk             |     8 |     2 ||    10
Armor: Leather armour    |    60 |    68 ||   128
Dodge: Dodged            |   113 |   102 ||   215

Table legend:
 A = Spawn XP
 B = Non-spawn XP
 C = Spawn XP percentage of total XP
 D = Spawn monster count
 E = Non-spawn monster count
 F = Spawn count percentage of total count
 G = Total turns spent on level
                    A         B        C        D         E        F      G
               +---------+---------+-------+---------+---------+-------+---------
         Total |       0 |     172 |   0.0 |       0 |      47 |   0.0 |  2859
               +---------+---------+-------+---------+---------+-------+---------
           D:1 |       0 |      39 |   0.0 |       0 |      17 |   0.0 |   664
           D:2 |       0 |      50 |   0.0 |       0 |      18 |   0.0 |  1009
           D:3 |       0 |      83 |   0.0 |       0 |      12 |   0.0 |  1171
               +---------+---------+-------+---------+---------+-------+---------

Vault maps used:
D:1:      mrwooster_arrival_statue_3
D:2:      gammafunk_temple_overflow_pools, kennysheep_another_room
D:3:      first_ration, xom_teletrap_fun, uniq_ijyb
D:4:      minmay_temple_entry_enclosed_plants, gup_sewer_entry_bubbles,
          nicolae_ru_the_path_less_chosen

Table legend:
 A = Turns spent in this place as a percentage of turns spent in the entire game.
 B = Non-inter-level travel turns spent in this place as a percentage of non-inter-level travel turns spent in the entire game.
 C = Inter-level travel turns spent in this place as a percentage of turns spent in this place.
 D = Turns resting spent in this place as a percentage of non-inter-level travel turns spent in this place.
 E = Turns spent auto-exploring this place as a percentage of non-inter-level travel turns spent in this place.
 F = Non-inter-level travel turns spent in this place divided by the number of levels of this place that you've seen.
                   A       B       C       D       E      F
               +-------+-------+-------+-------+-------+----------------------
         Total | 100.0 | 100.0 |   2.2 |  26.7 |  52.2 | 699.2
       Dungeon | 100.0 | 100.0 |   2.2 |  26.7 |  52.2 | 699.2
               +-------+-------+-------+-------+-------+----------------------

Table legend:
 A = Kills in this place as a percentage of kills in entire the game.
 B = Kills by you in this place as a percentage of kills by you in the entire game.
 C = Kills by friends in this place as a percentage of kills by friends in the entire game.
 D = Other kills in this place as a percentage of other kills in the entire game.
 E = Experience gained in this place as a percentage of experience gained in the entire game.
 F = Experience gained in this place divided by the number of levels of this place that you have seen.
                   A       B       C       D       E      F
               +-------+-------+-------+-------+-------+----------------------
         Total | 100.0 | 100.0 |   N/A |   N/A | 100.0 |  43.0
       Dungeon | 100.0 | 100.0 |   N/A |   N/A | 100.0 |  43.0
               +-------+-------+-------+-------+-------+----------------------
